 Dungeon Crawl Stone Soup version 0.22-a0-479-gc6e99f3 (webtiles) character file.

61 Laiders72 the Ruffian (level 3, -3/29 HPs)
             Began as a Draconian Transmuter on June 14, 2018.
             Killed from afar by an orc wizard (9 damage)
             ... with a puff of frost
             ... on level 3 of the Dungeon.
             The game lasted 00:02:52 (2081 turns).

Laiders72 the Ruffian (Draconian Transmuter)        Turns: 2081, Time: 00:02:53

Health: -3/29      AC:  5    Str: 12    XL:     3   Next: 83%
Magic:  4/6        EV: 12    Int: 14    God:
Gold:   87         SH:  0    Dex: 11    Spells: 0/6 levels left

rFire    . . .     SeeInvis .     - Unarmed
rCold    . . .     Gourm    .   (no shield)
rNeg     . . .     Faith    .   (armour unavailable)
rPois    .         Spirit   .   (helmet restricted)
rElec    .         Reflect  .   (no cloak)
rCorr    .         Harm     .   (no gloves)
MR       .....                  (no boots)
Stlth    +.........             (no amulet)
HPRegen  0.09/turn              (no ring)
MPRegen  0.10/turn              (no ring)

@: appendage (expiring)
A: unfitting armour, horns 2, cold-blooded, AC +5
a: End Transformation


You were on level 3 of the Dungeon.
You were not hungry.
You had grown temporary horns.
You visited 1 branch of the dungeon, and saw 3 of its levels.

You collected 87 gold pieces.

Inventory:

Missiles
 a - 22 arrows
Scrolls
 g - a scroll of magic mapping {unknown}
Potions
 b - a potion of ambrosia {unknown}
 d - 3 potions of lignification {unknown}
 e - a potion of haste {unknown}
 f - 2 potions of flight {unknown}
Comestibles
 c - 2 rations
 h - 2 chunks of flesh


   Skills:
 + Level 2.0 Fighting
 + Level 2.2 Dodging
 + Level 3.4 Unarmed Combat
 + Level 2.4 Spellcasting
 + Level 2.5 Transmutations


You couldn't memorise any spells.
You knew the following spells:

 Your Spells              Type           Power        Failure   Level  Hunger
a - Beastly Appendage     Tmut           #.....       8%          1    #......
b - Sticks to Snakes      Tmut           #.......     12%         2    ###....
c - Spider Form           Tmut/Pois      #.........   38%         3    ###....

Your spell library contained the following spells:

 Spells                   Type           Power        Failure   Level  Hunger
 Blade Hands              Tmut           #.........   91%         5    ######.
 Ice Form                 Ice/Tmut       #.......     80%         4    #####..


Dungeon Overview and Level Annotations

Branches:
Dungeon (3/15)

Altars:
Dithmenos
Fedhas
Vehumet
Yredelemnul


Innate Abilities, Weirdness & Mutations

Your plain brown scales are hard. (AC +5)
You cannot fit into any form of body armour.
You are cold-blooded and may be slowed by cold attacks.
You have a pair of horns on your head.


Message History

The orc wizard is severely wounded.
Your ball python bites the orc wizard but does no damage.
Your ball python constricts the orc wizard.
The orc wizard drinks a potion.
The orc wizard is healed!
The orc hits you with a short sword.
* * * LOW HITPOINT WARNING * * *
Your ball python bites the orc wizard but does no damage.
Your ball python constricts the orc wizard.
The orc wizard misses you.
You hit the orc wizard.
The orc wizard is moderately wounded.
Your transformation is almost over.
The orc wizard hits you with a dagger of protection.
* * * LOW HITPOINT WARNING * * *
Your ball python bites the orc wizard but does no damage.
Your ball python constricts the orc wizard.
The orc hits you but does no damage.
The orc wizard gestures at you while chanting.
The puff of frost hits you!
You die...

.. .## .. .#..
########'##....
##..........!...
#.^.............
#......S........
#......oo.......
#......$........
###......@........
.......<..........
.$................
..................
.....[........####
.$................
........##########
......%.#
.........


You could see an orc wizard, an orc and a friendly ball python.

Vanquished Creatures
  2 adders
  An ooze (D:1)
  A dart slug (D:2)
  3 leopard geckos
  An orc (D:3)
  2 giant cockroaches
  4 goblins
  10 hobgoblins
  A frilled lizard (D:2)
  4 kobolds
  3 rats
32 creatures vanquished.

Notes
Turn   | Place    | Note
-------+----------+-------------------------------------------
     0 | D:1      | Laiders72 the Draconian Transmuter began the quest for the Orb.
     0 | D:1      | Reached XP level 1. HP: 16/16 MP: 3/3
   176 | D:1      | Reached XP level 2. HP: 18/23 MP: 5/5
   180 | D:1      | Learned a level 2 spell: Sticks to Snakes
  1181 | D:2      | Found a radiant altar of Vehumet.
  1212 | D:2      | Found a basalt altar of Yredelemnul.
  1222 | D:2      | Reached XP level 3. HP: 18/29 MP: 6/6
  1485 | D:2      | Learned a level 3 spell: Spider Form
  1681 | D:2      | Found a shadowy altar of Dithmenos.
  1813 | D:2      | Found a blossoming altar of Fedhas.
  2081 | D:3      | Killed from afar by an orc wizard

Vault maps used:
D:1:      kennysheep_arrival_forest, minivault_27
D:2:      nicolae_overflow_crystal_walls, fedhas_altar_1,
          nicolae_dithmenos_shadow_blocks, old_standard_altar,
          kennysheep_generic_room_6
D:3:      makhleb_heckhound_becter, kennysheep_small_spiral,
          kennysheep_generic_room_5, uniq_terence

Skill      XL: |  1  2  3 |
---------------+----------+-----
Dodging        | 2 |  2.2
Fighting       | 2 |  2.0
Unarmed Combat | |  3.4
Spellcasting   | |  2.4
Transmutations | |  2.5

Action                   || total
-------------------------++-------
Melee: Unarmed           ||   151
       Tailslap          ||    15
       Headbutt          ||     3
       Punch             ||     2
       Kick              ||     1
 Cast: Beastly Appendage ||     4
       Sticks to Snakes  ||     1
  Eat: Chunk             ||     4
Armor: Skin              ||    37
Dodge: Dodged            ||    75

Table legend:
 A = Spawn XP
 B = Non-spawn XP
 C = Spawn XP percentage of total XP
 D = Spawn monster count
 E = Non-spawn monster count
 F = Spawn count percentage of total count
 G = Total turns spent on level
                    A         B        C        D         E        F      G
               +---------+---------+-------+---------+---------+-------+---------
         Total |       0 |      88 |   0.0 |       0 |      32 |   0.0 |  2081
               +---------+---------+-------+---------+---------+-------+---------
           D:1 |       0 |      31 |   0.0 |       0 |      14 |   0.0 |  1022
           D:2 |       0 |      41 |   0.0 |       0 |      16 |   0.0 |   934
           D:3 |       0 |      16 |   0.0 |       0 |       2 |   0.0 |   125
               +---------+---------+-------+---------+---------+-------+---------
